Map: Ephemeron LE

Players

Cham - Winner!

  • Race: Zerg Zerg
  • Spawn Location: 11:00

HolyHit

  • Race: Protoss Protoss
  • Spawn Location: 5:00

VOD

Have the link to the VOD?

Description

Time

  • Played on: Sept. 6, 2019, 3:51 p.m.
  • Length: 9:50
Show
View Real Time Build Order
Export as new Build Order

Cham Zerg - Winner!

Build Orders: Hatch First 

Get SALT Encoding   

  12  0:01  Drone  
  13  0:08  Drone  
  14  0:16  Overlord  
  14  0:35  Drone x2  
  16  0:48  Hatchery  
  15  0:53  Drone  
  15  0:55  Drone  
  17  1:01  Drone  
  18  1:11  Extractor  
  17  1:15  Spawning Pool  
  17  1:17  Drone  
  17  1:23  Drone  
  18  1:28  Drone  
  19  1:42  Drone  
  20  1:51  Drone  
  21  2:00  Overlord  
  21  2:02  Queen x2  
  21  2:03  Zergling x2  
  26  2:11  Zergling x2  
  26  2:12  Metabolic Boost  
  27  2:18  Drone  
  28  2:24  Drone x2  
  30  2:38  Hatchery  
  29  2:44  Queen  
  29  2:48  Overlord  
  29  2:50  Drone  
  32  2:53  Drone  
  32  2:56  Drone  
  34  2:59  Drone  
  34  3:00  Drone  
  36  3:07  Overlord  
  36  3:08  Drone  
  36  3:12  Drone x2  
  39  3:14  Drone  
  39  3:18  Spore Crawler  
  39  3:20  Drone  
  39  3:25  Overlord  
  40  3:29  Drone x3  
  40  3:34  Overlord  
  43  3:40  Queen  
  45  3:43  Queen  
  47  3:49  Drone x3  
  47  3:53  Overlord  
  47  3:55  Drone x2  
  52  3:58  Drone  
  52  3:59  Spore Crawler  
  52  4:05  Overlord  
  52  4:10  Drone x2  
  52  4:13  Drone  
  52  4:14  Drone x3  
  58  4:17  Overlord  
  58  4:19  Drone x2  
  58  4:22  Drone  
  58  4:23  Drone x2  
  63  4:29  Overlord  
  63  4:30  Zergling x6  
  66  4:34  Roach Warren  
  66  4:38  Zergling x2  
  66  4:39  Queen  
  66  4:41  Zergling x4  
  66  4:45  Lair  
  70  4:48  Zergling x6  
  73  4:54  Overlord  
  73  4:55  Zergling x6  
  76  5:04  Drone x3  
  78  5:08  Drone  
  78  5:09  Drone  
  78  5:11  Overlord  
  78  5:12  Drone x2  
  78  5:13  Drone  
  82  5:17  Drone  
  82  5:18  Extractor  
  82  5:19  Extractor  
  82  5:20  Extractor  
  82  5:21  Extractor x2  
  79  5:22  Overlord  
  79  5:23  Drone x3  
  79  5:26  Overlord  
  81  5:28  Drone x2  
  81  5:32  Hatchery  
  82  5:38  Drone x2  
  82  5:40  Roach x4  
  91  5:46  Roach x2  
  91  5:47  Roach  
  97  5:51  Roach x2  
  97  5:53  Roach  
  97  5:56  Overlord  
  102  5:59  Drone x2  
  102  6:02  Overlord  
  102  6:03  Drone  
  102  6:04  Drone  
  105  6:05  Glial Reconstitution  
  105  6:07  Overlord  
  105  6:09  Roach x2  
  109  6:15  Roach x3  
  115  6:24  Overlord  
  118  6:25  Roach x2  
  122  6:32  Roach  
  122  6:33  Roach x2  
  122  6:35  Roach x2  
  122  6:38  Roach  
  129  6:40  Drone  
  129  6:41  Drone  
  129  6:43  Drone  
  129  6:46  Roach  
  129  6:47  Drone  
  129  6:50  Roach x2  
  129  6:52  Overlord  
  135  6:54  Roach  
  135  6:59  Roach x2  
  141  7:01  Roach x2  
  141  7:02  Overlord  
  141  7:03  Roach x2  
  141  7:07  Evolution Chamber, Overlord  
  145  7:08  Baneling Nest  
  145  7:09  Drone x2  
  145  7:10  Roach  
  145  7:13  Roach x2  
  145  7:14  Roach  
  154  7:16  Overlord  
  154  7:20  Drone x2  
  154  7:22  Drone x2  
  156  7:24  Drone x2  
  156  7:28  Drone x3  
  156  7:29  Drone, Pneumatized Carapace  
  162  7:32  Drone  
  162  7:34  Overlord  
  162  7:35  Drone x2  
  162  7:37  Zerg Missile Weapons Level 1  
  165  7:39  Zergling x2  
  165  7:40  Zergling x8  
  170  7:47  Zergling x2, Roach x2  
  170  7:48  Zergling x4  
  170  7:51  Ravager x9  
  186  7:53  Zergling x2, Roach  
  191  7:58  Roach  
  191  8:05  Ravager, Roach  
  193  8:06  Zergling x4, Roach x2  
  193  8:10  Zergling x2  
  197  8:19  Roach x11  
  196  8:25  Ravager  
  192  8:28  Drone  
  192  8:29  Drone x2  
  192  8:32  Drone  
  193  8:35  Drone  
  193  8:38  Infestation Pit  
  193  8:40  Roach  
  193  8:41  Roach x4  
  199  8:44  Zergling x2, Roach  
  200  8:55  Hatchery  
  199  8:56  Extractor x2  
  197  9:07  Zergling x2, Roach  
  198  9:29  Zergling x8  
Show
View Real Time Build Order
Export as new Build Order

HolyHit Protoss 

Build Orders: 1 Gate Expand, Oracle Opening, Zealot Archon, Archon Drop 

Get SALT Encoding   

  12  0:00  Probe  
  13  0:13  Probe  
  14  0:18  Pylon  
  14  0:24  Probe  
  15  0:33  Probe  
  15  0:39  Gateway  
  15  0:41  Probe  
  16  0:47  Assimilator  
  17  0:51  Probe  
  18  1:03  Probe  
  19  1:15  Probe  
  20  1:25  Nexus  
  20  1:35  Cybernetics Core  
  20  1:37  Probe  
  21  1:44  Assimilator  
  21  1:50  Probe  
  21  1:53  Pylon  
  22  2:00  Probe  
  22  2:01  Adept  
  23  2:08  Probe  
  26  2:16  Probe  
  27  2:24  Stargate  
  27  2:28  Probe  
  28  2:31  Stalker  
  28  2:35  Probe  
  30  2:40  Warp Gate, Probe  
  30  2:43  Probe  
  32  2:52  Probe  
  32  2:53  Probe  
  34  3:04  Probe  
  34  3:05  Probe  
  36  3:09  Oracle  
  39  3:16  Gateway, Probe  
  39  3:17  Probe  
  41  3:25  Robotics Facility  
  41  3:28  Probe  
  41  3:29  Probe  
  41  3:30  Pylon  
  43  3:35  Assimilator  
  43  3:36  Probe  
  43  3:37  Assimilator  
  43  3:41  Probe  
  45  3:44  Probe  
  45  3:47  Twilight Council  
  46  3:53  Probe x2  
  47  3:57  Pylon  
  47  4:01  Probe  
  48  4:05  Probe  
  48  4:07  Warp Prism  
  50  4:12  Gateway  
  50  4:13  Gateway  
  50  4:21  Probe  
  53  4:28  Probe  
  53  4:29  Templar Archives  
  54  4:33  Adept x2  
  58  4:41  Pylon, Probe  
  58  4:44  Observer  
  60  4:45  Pylon  
  60  4:51  Probe  
  61  5:02  Nexus  
  61  5:04  Pylon  
  56  5:11  Probe  
  56  5:13  Probe  
  56  5:14  Forge  
  56  5:21  High Templar x4  
  56  5:26  Archon x2  
  64  5:31  Shield Battery  
  64  5:33  Immortal  
  68  5:41  Probe, Protoss Ground Weapons Level 1  
  68  5:42  Probe  
  67  5:51  Gateway  
  67  5:54  Gateway  
  67  5:57  Zealot x4  
  67  6:01  Observer  
  75  6:05  Probe  
  75  6:07  Probe  
  75  6:09  Observer  
  75  6:10  Gateway  
  77  6:13  Pylon  
  77  6:16  Pylon  
  77  6:20  Charge  
  77  6:31  Zealot  
  77  6:32  Zealot  
  81  6:35  Zealot  
  81  6:39  Probe  
  81  6:43  Immortal  
  81  6:51  Nexus  
  81  6:52  Pylon  
  85  6:54  Gateway  
  85  6:55  Gateway  
  85  6:56  Sentry x3  
  85  6:57  Sentry  
  93  7:04  Pylon x2  
  93  7:10  Probe  
  94  7:16  Probe  
  94  7:19  Sentry x3  
  101  7:23  Immortal  
  101  7:28  Shield Battery, Probe  
  101  7:29  Probe  
  107  7:30  Shield Battery  
  107  7:37  Pylon  
  107  7:40  High Templar x2  
  111  7:44  Archon  
  111  7:46  Probe  
  113  7:58  Probe x2  
  113  8:00  Warp Prism  
  116  8:05  Zealot x2  
  116  8:06  Zealot x3  
  121  8:19  Zealot x3  
  102  8:22  Probe  
  102  8:23  Probe  
  102  8:26  Assimilator  
  78  8:29  Probe  
  78  8:31  Assimilator  
  78  8:34  Probe  
  78  8:36  Sentry x3  
  78  8:37  Probe  
  78  8:41  Probe  
  87  8:43  High Templar  
  87  8:44  High Templar  
  91  8:48  Zealot x3  
  91  8:53  Zealot, Archon  
  91  8:55  Probe  
  100  8:57  Probe  
  99  9:12  Zealot  
  99  9:13  Zealot x2  
  109  9:21  Zealot x4  
  109  9:22  Probe  
  109  9:23  Probe  
  102  9:36  Zealot x2  
  90  9:43  Zealot  
  90  9:44  Zealot x3  
Tags
 
Add a new tag
Caveats
  • Supply blocks, unpowered buildings, or Contaminate may cause inaccurate times.
  • Supply counts are checked every 10 seconds.